 Dungeon Crawl Stone Soup version 0.28-a0-519-gbfeecf2fc5 (webtiles) character file.

Game seed: 9944902259367105221

0 sleeves the Caller (level 1, 0/9 HPs)
             Began as a Vine Stalker Summoner on Sept 23, 2021.
             Slain by a kobold (2 damage)
             ... on level 1 of the Dungeon.
             The game lasted 00:00:44 (66 turns).

sleeves the Caller (Vine Stalker Summoner)            Turns: 66, Time: 00:00:44

Health: 0/9        AC:  2    Str: 10    XL:     1   Next: 10%
Magic:  0/4        EV: 12    Int: 15    God:
Gold:   35         SH:  0    Dex: 14    Spells: 3/4 levels left

rFire   . . .      SeeInvis .   (no weapon)
rCold   . . .      Faith    .   (no shield)
rNeg    . . .      Spirit   +   a - +0 robe
rPois   .          Reflect  .   (no helmet)
rElec   .          Harm     .   (no cloak)
rCorr   .          Rampage  .   (no gloves)
Will    .....                   (no boots)
Stlth   ++........              (no amulet)
HPRegen 0.03/turn               (no ring)
MPRegen 0.09/turn               (no ring)

@: no status effects
A: fangs 2, magic shield, antimagic bite, no potion heal 2
a: no special abilities


You were on level 1 of the Dungeon.
You visited 1 branch of the dungeon, and saw 1 of its levels.

You collected 35 gold pieces.

Inventory:

Armour
 a - a +0 robe (worn)
Scrolls
 c - a scroll of immolation {unknown}
Potions
 b - a potion of heal wounds {unknown}


   Skills:
 + Level 1.5 Dodging
 + Level 2.4 Stealth
 + Level 2.2 Spellcasting
 + Level 4.0 Summonings


You had 3 spell levels left.
You knew the following spells:

 Your Spells              Type           Power      Damage    Failure   Level
a - Summon Small Mammal   Summ           52%        N/A       4%          1

Your spell library contained the following spells:

 Spells                   Type           Power      Damage    Failure   Level
 Call Imp                 Summ           13%        N/A       6%          2
 Call Canine Familiar     Summ           13%        N/A       13%         3
 Summon Guardian Golem    Hex/Summ       7%         N/A       28%         3
 Summon Lightning Spire   Summ/Air       7%         N/A       67%         4


Dungeon Overview and Level Annotations

Branches:
Dungeon (1/15)

Altars:


Innate Abilities, Weirdness & Mutations

You have extremely sharp teeth.
When hurt, damage is shared between your health and your magic reserves.
Your bite disrupts and absorbs the magic of your enemies.
Potions cannot restore your health.


Message History

You add the spells Summon Small Mammal, Call Imp, Call Canine Familiar, Summon Guardian Golem and Summon Lightning Spire to your library.
Welcome, sleeves the Vine Stalker Summoner.
Will you prevail where others failed? Will you find the Orb of Zot?
Press ? for a list of commands and other information.
Found five items.
Found an escape hatch in the floor.
Found a staircase leading out of the dungeon.
There is an escape hatch in the floor here.
You now have 11 gold pieces.
You now have 24 gold pieces (gained 13).
You now have 35 gold pieces (gained 11).
b - a cyan potion
There is an escape hatch in the floor here.
c - a scroll labelled JUDWEL COENAEK A bat comes into view.
The bat hits you but does no damage.
A kobold comes into view.
It is wielding a +1 short sword of freezing.
The bat closely misses you.
You miss the bat. You bite the bat, but do no damage.
The kobold shouts!
You hear a shout!
You hear an angry hiss. x2
The bat closely misses you. x2
You miss the bat. The bat hits you but does no damage.
A dart slug comes into view.
The bat barely misses you.
You barely miss the bat. The bat hits you but does no damage.
The dart slug launches a dart at you. The slug dart misses you.
You hit the bat but do no damage. Your bite misses the bat.
The bat hits you but does no damage. The bat closely misses you.
You hit the bat.
You kill the bat!
You barely miss the kobold.
The kobold hits you with a +1 short sword of freezing.
The kobold freezes you.
You are too injured to fight recklessly!
The kobold throws a stone.
The stone barely misses you.
The kobold throws a stone.
The stone misses you.
The kobold throws a stone.
The stone hits you.
The kobold throws a stone.
The stone hits you.
* * * LOW HITPOINT WARNING * * *
The kobold throws a stone.
The stone hits you but does no damage.
You hit the kobold but do no damage.
The kobold hits you with a +1 short sword of freezing.
* * * LOW MAGIC WARNING * * *;
* * * LOW HITPOINT WARNING * * *
The kobold freezes you.
You die...

##.#...#
#..#.#.#
#.##...#
#.##.#.#
#.##...#
##w##.#.#
#..##...#
#K###.#.# #@#
#...#
######.>.######
#.............#
#.............#
#......<......#
#........(....#
#............[#
###############


You could see a dart slug and a kobold.

Vanquished Creatures
  A bat (D:1)
1 creature vanquished.

Notes
Turn   | Place    | Note
-------+----------+-------------------------------------------
     0 | D:1      | sleeves the Vine Stalker Summoner began the quest for the
                  | Orb.
     0 | D:1      | Reached XP level 1. HP: 9/9 MP: 4/4
    56 | D:1      | HP: 4/9 [kobold/stone (1)]
    66 | D:1      | HP: 2/9 [kobold (3)]
    66 | D:1      | Slain by a kobold

Illustrated notes

Levels and vault maps discovered:
D:1:      lemuel_arrival_hallway, layout_rooms, chequers_serial_rivers_large_a

Action                   || total
-------------------------++-------
Melee: Unarmed           ||     7
       Bite              ||     1
Armor: Robe              ||     5
Dodge: Dodged            ||     8

Table legend: (Time is in decaauts)
 A = Elapsed time spent in this place.
 B = Non-inter-level travel time spent in this place.
 C = Inter-level travel time spent in this place.
 D = Time resting spent in this place.
 E = Time spent auto-exploring this place.
 F = Levels seen in this place.
 G = Mean time per level.
                   A        B        C        D        E       F      G
               +--------+--------+--------+--------+--------+-----+--------+
         Total |     66 |     66 |      0 |      0 |      0 |   1 |   66.0 |
       Dungeon |     66 |     66 |      0 |      0 |      0 |   1 |   66.0 |
               +--------+--------+--------+--------+--------+-----+--------+

Top non-repeatable levels by time:
     D:1: 66 daAuts
